 Dungeon Crawl Stone Soup version 0.29-a0-670-g5ff2a30383 (webtiles) character file.

Game seed: 9729173142081626967

3888 KristoblXynda the Carver (level 10, -3/88 HPs)
             Began as a Black Draconian Gladiator on June 24, 2022.
             Was an Initiate of Gozag.
             Killed from afar by Dowan (15 damage)
             ... with a shard of ice
             ... on level 7 of the Dungeon.
             The game lasted 00:08:15 (10646 turns).

KristoblXynda the Carver (DrGl)                    Turns: 10646, Time: 00:08:16

Health: -3/88      AC: 10    Str: 17    XL:     10   Next: 0%
Magic:  10/10      EV: 16    Int: 10    God:    Gozag
Gold:   720        SH:  0    Dex: 17    Spells: 9/9 levels left

rFire   . . .      SeeInvis +   a - +0 long sword
rCold   + . .      Faith    .   (no shield)
rNeg    . . .      Spirit   .   (body armour unavailable)
rPois   .          Reflect  .   b - +1 hat
rElec   +          Harm     .   v - +0 cloak
rCorr   .          Rampage  .   (no gloves)
Will    .....                   o - +0 pair of boots
Stlth   +.........              (no amulet)
HPRegen 0.24/turn               w - ring "Xyjih" {Fly Dex+2 SInv}
MPRegen 0.12/turn               u - ring of protection from cold

@: confused, short of breath, ambrosia-drunk, gold aura, flying
A: breathe lightning, AC +7, unfitting armour, electricity resistance,
cold-blooded
a: Breathe Lightning, Renounce Religion, Potion Petition, Call Merchant, Bribe
Branch


You were on level 7 of the Dungeon.
You worshipped Gozag.
Gozag was pleased with you.
You visited 2 branches of the dungeon, and saw 8 of its levels.

You collected 848 gold pieces.
You paid 128 gold pieces to Gozag.

Inventory:

Hand Weapons
 a - a +0 long sword (weapon)
Missiles
 c - 2 throwing nets (quivered)
 d - a javelin
Armour
 b - a +1 hat (worn)
 o - a +0 pair of boots (worn)
 v - a +0 cloak (worn)
Jewellery
 t - a ring of resist corrosion
 u - a ring of protection from cold (right hand)
 w - the ring "Xyjih" (left hand) {Fly Dex+2 SInv}
   (You acquired it on level 6 of the Dungeon)

   [ring of flight]

   Dex:       It affects your dexterity (+2).
   SInv:      It lets you see invisible.
   Fly:       It grants you flight.
 x - a ring of see invisible
Scrolls
 e - a scroll of fear
 f - a scroll of immolation
 h - a scroll of vulnerability {unknown}
 k - a scroll of poison {unknown}
 l - a scroll of fog {unknown}
 m - 4 scrolls of teleportation
 n - a scroll of blinking {unknown}
 r - 2 scrolls of enchant armour
 z - 2 scrolls of amnesia
Potions
 i - 3 potions of flight
 j - 2 potions of brilliance
 p - a potion of haste {unknown}
 q - a potion of invisibility
 s - a potion of might {unknown}


   Skills:
 + Level 8.2 Fighting
 * Level 10.6 Long Blades
 - Level 2.0 Throwing
 + Level 7.1 Dodging


You had 9 spell levels left.
You didn't know any spells.
Your spell library contained the following spells:

 Spells                   Type           Power      Damage    Failure   Level
 Petrify                  Tmut/Erth      0%         N/A       98%         4
 Metabolic Englaciation   Hex/Ice        0%         N/A       100%        5
 Statue Form              Tmut/Erth      0%         N/A       100%        6
 Haunt                    Necr/Summ      0%         N/A       100%        7
 Infestation              Necr           0%         N/A       100%        8
 Animate Dead             Necr           Unusable   N/A       N/A         4

Dungeon Overview and Level Annotations

Branches:
Dungeon (7/15)             Temple (1/1) D:6

Altars:
Ashenzari
Cheibriados
Dithmenos
Elyvilon
Fedhas
Gozag
Hepliaklqana
Makhleb
Nemelex Xobeh
Okawaru
Qazlal
Ru
Sif Muna
Trog
Uskayaw
Vehumet
Yredelemnul
Zin
The Shining One

Annotations:
D:7 Dowan


Innate Abilities, Weirdness & Mutations

You can breathe wild blasts of lightning.
Your glossy black scales are hard. (AC +7)
You cannot fit into any form of body armour.
You are resistant to electric shocks. (rElec)
You are cold-blooded and may be slowed by cold attacks.


Message History

You are too injured to fight recklessly!
There are monsters nearby!
Unknown command.
Activating: Breathe Lightning (4% risk of failure)
Press: ? - help, Dir - look around, f - activate You breathe a wild blast of lightning!
You hear a mighty clap of thunder!
The bolt of lightning misses you. x2; The orb of electricity explodes!
The orb of electricity engulfs Duvessa!
Duvessa is almost dead.
The orb of electricity engulfs you! You resist.
* * * LOW HITPOINT WARNING * * *
The orb of electricity engulfs the water moccasin!
The water moccasin is moderately wounded.
You hear a mighty clap of thunder!
Duvessa closely misses you.
Unknown command.
You slash Duvessa!
You kill Duvessa!
Dowan seems overcome with grief.
Dowan seems to find hidden reserves of power!
The water moccasin completely misses you.
You slash the water moccasin!
The water moccasin is severely wounded.
The water moccasin closely misses you.
You slash the water moccasin!
You kill the water moccasin!
Dowan casts a spell at you. The stone arrow misses you.
Dowan zaps a wand.
The bolt of light hits you!!
* * * LOW HITPOINT WARNING * * *
You have reached level 10!
Okay, then.
Dowan zaps a wand.
The bolt of light misses you.
Items here: $ ) / [.
You are confused.
You feel invigorated. Dowan completely misses you. x2
Dowan points at you and mumbles some strange words.
The shard of ice hits you! You partially resist.
You die...
Your body crumbles into a pile of gold.

#.###.# #.##..# ##
#####.##.#
.#########........###.#
...........###...$....#
.########### ####.#####
..# #.# ..#
######$###### ..####
#....@e......# .....#
#.####.#####.# ..##.#
#.# ..##.# #.# .^##.#
#.# ..##.# ..# .....#
..# #.##.# ## ..##.###


You could see Dowan (fast).

Vanquished Creatures
  Pikel (D:4)
  A cyclops (D:6)
  A kobold demonologist (D:6)
  A troll (D:7)
  Sigmund (D:4)
  A yak (D:6)
  Menkaure (D:4)
  Duvessa (D:7)
  Edmund (D:4)
  2 water moccasins
  A sky beast (D:7)
  An ice beast (D:5)
  A black bear (D:6)
  2 ogres
  2 centaurs
  3 scorpions
  A necrophage (D:6)
  A wight (D:7)
  A vampire bat (D:4)
  A howler monkey (D:6)
  2 hounds
  Crazy Yiuf (D:6)
  5 orc priests
  Ijyb (D:5)
  A gnoll shaman (D:3)
  5 iguanas
  2 orc wizards
  8 gnolls
  10 adders
  A white imp (D:5)
  2 ufetubi
  5 worms
  3 dart slugs
  3 fire bats (D:4)
  19 orcs
  2 spectral bats (D:4)
  7 ball pythons
  12 bats
  3 bat skeletons (D:4)
  A bat zombie (D:4)
  7 endoplasms
  2 giant cockroaches
  3 goblins
  7 hobgoblins
  3 jackals (D:4)
  3 quokkas
  A bat simulacrum (D:4)
  3 frilled lizards
  4 kobolds
  A rat (D:1)
152 creatures vanquished.

Notes
Turn   | Place    | Note
-------+----------+-------------------------------------------
     0 | D:1      | KristoblXynda the Draconian Gladiator began the quest for
                  | the Orb.
     0 | D:1      | Reached XP level 1. HP: 17/17 MP: 1/1
   388 | D:1      | Reached XP level 2. HP: 25/25 MP: 2/2
   590 | D:1      | Found a faded altar of an unknown god.
  1451 | D:2      | Reached XP level 3. HP: 30/30 MP: 3/3
  2200 | D:3      | Reached skill level 4 in Long Blades
  2200 | D:3      | Reached XP level 4. HP: 10/38 MP: 4/4
  3047 | D:3      | Reached XP level 5. HP: 44/45 MP: 5/5
  3144 | D:3      | Found a glowing golden altar of the Shining One.
  3510 | D:3      | Noticed an ogre
  3523 | D:3      | Killed an ogre
  3524 | D:3      | Reached skill level 5 in Long Blades
  3524 | D:3      | Reached XP level 6. HP: 20/52 MP: 6/6
  4288 | D:4      | Noticed Menkaure
  4299 | D:4      | Killed Menkaure
  4300 | D:4      | Reached skill level 6 in Long Blades
  4300 | D:4      | Your scales start taking on a glossy black colour.
  4300 | D:4      | Reached XP level 7. HP: 31/60 MP: 7/7
  4300 | D:4      | Gained mutation: You are resistant to electric shocks.
                  | (rElec) [Black Draconian growth]
  4838 | D:4      | Identified the +11 mace of the Hills {vamp, Fly Str-5 Int+2
                  | SInv}
  5167 | D:4      | Noticed Pikel
  5180 | D:4      | Killed Pikel
  5181 | D:4      | Reached skill level 5 in Fighting
  5181 | D:4      | Reached skill level 7 in Long Blades
  5181 | D:4      | Reached skill level 5 in Dodging
  5181 | D:4      | Reached XP level 8. HP: 38/69 MP: 8/8
  5392 | D:4      | Noticed Edmund
  5392 | D:4      | Noticed Sigmund
  5644 | D:5      | Entered Level 5 of the Dungeon
  6055 | D:5      | Found a white marble altar of Elyvilon.
  6185 | D:5      | Noticed Ijyb
  6214 | D:5      | Killed Ijyb
  6734 | D:5      | Found a bloodstained altar of Trog.
  6737 | D:5      | Found a broken altar of Ashenzari.
  6753 | D:5      | Found a radiant altar of Vehumet.
  6756 | D:5      | Found an opulent altar of Gozag.
  6764 | D:5      | Became a worshipper of Gozag Ym Sagoz the Greedy
  7063 | D:6      | Found a staircase to the Ecumenical Temple.
  7071 | D:6      | Reached skill level 8 in Long Blades
  7079 | Temple   | Entered the Ecumenical Temple
  7602 | D:6      | Found a runed translucent door.
  7603 | D:6      | Noticed Crazy Yiuf
  7749 | D:6      | Noticed a kobold demonologist
  7758 | D:6      | Noticed a rust devil
  7817 | D:6      | Killed a kobold demonologist
  7846 | D:6      | HP: 2/71 [centaur/arrow (3)]
  8189 | D:6      | Reached XP level 9. HP: 71/78 MP: 9/9
  8565 | D:6      | Reached skill level 9 in Long Blades
  8873 | D:6      | Noticed a cyclops
  8907 | D:6      | Killed a cyclops
  9217 | D:6      | Killed Crazy Yiuf
  9481 | D:4      | Killed Edmund
  9975 | D:4      | Killed Sigmund
  9976 | D:4      | Reached skill level 10 in Long Blades
 10131 | D:6      | Identified a scroll of acquirement
 10142 | D:6      | Acquired the ring "Xyjih" {Fly Dex+2 SInv}
 10153 | D:7      | Noticed a troll
 10164 | D:7      | Killed a troll
 10628 | D:7      | Noticed Duvessa
 10630 | D:7      | Noticed Dowan
 10641 | D:7      | Killed Duvessa
 10643 | D:7      | HP: 3/81 [Dowan/bolt of light (22)]
 10644 | D:7      | Reached XP level 10. HP: 3/88 MP: 10/10
 10646 | D:7      | Killed from afar by Dowan

Illustrated notes

Levels and vault maps discovered:
D:1:      erik_arrival_cave_to_civilisation [erik_arrival_cave_to_hall],
          layout_basic, shapermc_ecumenical_altar_mp_highgroup,
          ebering_dispersal_statue_hall, due_unseen_surprise
D:2:      layout_loops_ring, st_stairs_10
D:3:      layout_basic, mainiacjoe_overflow_catwalk
D:4:      nicolae_cairo_tiling_very_big, layout_basic, goddamned_bats,
          uniq_sigmund, uniq_pikel, uniq_menkaure, uniq_edmund
D:5:      layout_basic, mainiacjoe_overflow_alcove_1,
          grunt_temple_overflow_cloverleaf, uniq_ijyb
D:6:      minmay_chambers_of_sixes, layout_loops_ring,
          minmay_temple_entry_drinking_statues, uniq_crazy_yiuf_cottage
D:7:      layout_loops_ring, mainiacjoe_overflow_alcove_4,
          pdpol_wu_jian_five_deadly_venoms, uniq_duvessa
Temple:   oiseaux_autumnal_temple

Skill      XL: |  1  2  3  4  5  6  7  8  9 |
---------------+----------------------------+-----
Throwing       | 2 |  2.0
Dodging        | 3 4 5 6 7 |  7.1
Fighting       | 3 4 5 6 8 |  8.2
Long Blades    | 4 5 6 7 8 10 | 10.6

Action                   |  1- 3 |  4- 6 |  7- 9 | 10-12 || total
-------------------------+-------+-------+-------+-------++-------
Melee: Long sword        |    96 |   124 |   419 |       ||   639
       Tailslap          |     9 |    17 |    67 |       ||    93
       Punch             |     2 |     1 |     5 |       ||     8
Throw: Throwing net      |       |     1 |     4 |       ||     5
 Abil: Breathe Lightning |       |       |    11 |       ||    11
  Use: Scroll            |       |     5 |    10 |       ||    15
       Potion            |       |       |     2 |     1 ||     3
 Stab: Sleeping          |     1 |     1 |     1 |       ||     3
       Held in net/web   |       |     2 |     1 |       ||     3
Armor: Skin              |    38 |    20 |   162 |       ||   220
Dodge: Dodged            |    58 |    78 |   325 |     3 ||   464

Table legend: (Time is in decaauts)
 A = Elapsed time spent in this place.
 B = Non-inter-level travel time spent in this place.
 C = Inter-level travel time spent in this place.
 D = Time resting spent in this place.
 E = Time spent auto-exploring this place.
 F = Levels seen in this place.
 G = Mean time per level.
                   A        B        C        D        E       F      G
               +--------+--------+--------+--------+--------+-----+--------+
         Total |  10691 |  10289 |    402 |   3441 |   5467 |   8 | 1336.4 |
       Dungeon |  10371 |  10003 |    368 |   3441 |   5194 |   7 | 1481.6 |
        Temple |    320 |    287 |     33 |      0 |    273 |   1 |  320.0 |
               +--------+--------+--------+--------+--------+-----+--------+

Top non-repeatable levels by time:
     D:4: 2266 daAuts
     D:6: 1914 daAuts
     D:5: 1836 daAuts
     D:3: 1687 daAuts
     D:1: 1387 daAuts
     D:2: 979 daAuts
  Temple: 320 daAuts
     D:7: 299 daAuts
